Workbook
Name _Hlk128663002: 'Financial Debt'!$M$2
Name _Hlk70934545: Results!#REF!
Name Base: '[1]ER-Mod'!$B$3
Name empresa: '[1]ER-Mod'!$A$2
Name key: '[1]ER-Mod'!$B$2

Sheet BExRepositorySheet

Sheet Resultados Trimestrales
K1: 2024 | O1: 2023
B2: Estado de Resultados (Miles de $) | C2: 4T24 | D2: 4T23 | E2: % Var. | F2: 4T24 / 4T23 | J2: Diciembre | K2: Septiembre | L2: Variación | O2: Diciembre | P2: Septiembre | Q2: Variación
B3: Ingresos Ordinarios | C3: =+L3 -> 37815480 | D3: =+Q3 -> 8078802 | E3: =IFERROR((ROUND(+F3/D3,3)),0) -> 3.681 | F3: =+C3-D3 -> 29736678 | J3: =+Results!C4 -> 520857684 | K3: =+C22 -> 483042204 | L3: =+J3-K3 -> 37815480 | O3: =+Results!D4 -> 483314321 | P3: =+D22 -> 475235519 | Q3: =+O3-P3 -> 8078802
B4: Costos y Gastos de Operación | C4: =+L4 -> -18660649 | D4: =+Q4 -> -4053060 | E4: =IFERROR((ROUND(+F4/D4,3)),0) -> 3.604 | F4: =+C4-D4 -> -14607589 | J4: =+Results!C5 -> -268166397 | K4: =+C23 -> -249505748 | L4: =+J4-K4 -> -18660649 | O4: =+Results!D5 -> -249505748 | P4: =+D23 -> -245452688 | Q4: =+O4-P4 -> -4053060
B5: EBITDA | C5: =+C4+C3 -> 19154831 | D5: =+D4+D3 -> 4025742 | E5: =IFERROR((ROUND(+F5/D5,3)),0) -> 3.758 | F5: =+C5-D5 -> 15129089 | J5: =+Results!C6 -> 252691287 | K5: =+K4+K3 -> 233536456 | L5: =+J5-K5 -> 19154831 | O5: =+Results!D6 -> 233808573 | P5: =+D24 -> 229782831 | Q5: =+O5-P5 -> 4025742
B6: Depreciación y Amortización | C6: =+L6 -> -3993785 | D6: =+Q6 -> -4230026 | E6: =IFERROR((ROUND(+F6/D6,3)),0) -> -0.056 | F6: =+C6-D6 -> 236241 | J6: =+Results!C7 -> -64798028 | K6: =+C25 -> -60804243 | L6: =+J6-K6 -> -3993785 | O6: =+Results!D7 -> -60804243 | P6: =+D25 -> -56574217 | Q6: =+O6-P6 -> -4230026
B7: Resultado de Explotación | C7: =+C6+C5 -> 15161046 | D7: =+D6+D5 -> -204284 | E7: =IFERROR((ROUND(+F7/D7,3)),0) -> -75.216 | F7: =+C7-D7 -> 15365330 | J7: =+Results!C8 -> 187893259 | K7: =+K6+K5 -> 172732213 | L7: =+J7-K7 -> 15161046 | O7: =+Results!D8 -> 173004330 | P7: =+D26 -> 173208614 | Q7: =+O7-P7 -> -204284
B8: Otras ganancias (pérdidas) | C8: =+L8 -> -5183619 | D8: =+Q8 -> 3739098 | E8: =IFERROR((ROUND(+F8/D8,3)),0) -> -2.386 | F8: =+C8-D8 -> -8922717 | J8: =+Results!C9 -> -2946528 | K8: =+C27 -> 2237091 | L8: =+J8-K8 -> -5183619 | O8: =+Results!D9 -> 1964974 | P8: =+D27 -> -1774124 | Q8: =+O8-P8 -> 3739098
B9: Pérdidas por deterioro de activos | C9: =+L9 -> 0 | D9: =+Q9 -> 0 | F9: =+C9-D9 -> 0 | J9: =+Results!C10 -> 0 | K9: 0 | L9: =+J9-K9 -> 0 | O9: =+Results!D10 -> 0 | Q9: =+O9-P9 -> 0
B10: Resultado Financiero* | C10: =+L10 -> -4932577 | D10: =+Q10 -> -9537694 | E10: =IFERROR((ROUND(+F10/D10,3)),0) -> -0.483 | F10: =+C10-D10 -> 4605117 | J10: =+Results!C11 -> -65627934 | K10: =+C28 -> -60695357 | L10: =+J10-K10 -> -4932577 | O10: =+Results!D11 -> -60695357 | P10: =+D28 -> -51157663 | Q10: =+O10-P10 -> -9537694
B11: Gasto por impuestos | C11: =+L11 -> 726163 | D11: =+Q11 -> 796287 | E11: =IFERROR((ROUND(+F11/D11,3)),0) -> -0.088 | F11: =+C11-D11 -> -70124 | J11: =+Results!C12 -> -23609370 | K11: =+C29 -> -24335533 | L11: =+J11-K11 -> 726163 | O11: =+Results!D12 -> -24335533 | P11: =+D29 -> -25131820 | Q11: =+O11-P11 -> 796287
B12: Interés minoritario | C12: =+L12 -> -2945531 | D12: =+Q12 -> 2534737 | E12: =IFERROR((ROUND(+F12/D12,3)),0) -> -2.162 | F12: =+C12-D12 -> -5480268 | J12: =+Results!C13 -> -48554491 | K12: =+C30 -> -45608960 | L12: =+J12-K12 -> -2945531 | O12: =+Results!D13 -> -45608960 | P12: =+D30 -> -48143697 | Q12: =+O12-P12 -> 2534737
B13: Utilidad Neta | C13: =SUM(C7:C12) -> 2825482 | D13: =SUM(D7:D12) -> -2671856 | E13: =IFERROR((ROUND(+F13/D13,3)),0) -> -2.057 | F13: =+C13-D13 -> 5497338 | J13: =SUM(J7:J12) -> 47154936 | K13: =SUM(K7:K12) -> 44329454 | L13: =+J13-K13 -> 2825482 | M13: <<< | O13: =+Results!D14 -> 44329454 | P13: =+D31 -> 47001310 | Q13: =+O13-P13 -> -2671856
B20: Septie,mbre 2023
B21: Estado de Resultados (M$) | C21: 45536 | D21: 45170 | E21: % Var. | F21: 2024 / 2023
B22: Ingresos ordinarios | C22: 483042204 | D22: 475235519 | E22: 0.016 | F22: 7806685
B23: Costos y gastos de operación | C23: -249505748 | D23: -245452688 | E23: 0.017 | F23: -4053060
B24: EBITDA | C24: 233536456 | D24: 229782831 | E24: 0.016 | F24: 3753625
B25: Depreciación y amortización | C25: -60804243 | D25: -56574217 | E25: 0.075 | F25: -4230026
B26: Resultado de explotación | C26: 172732213 | D26: 173208614 | E26: -0.003 | F26: -476401
B27: Otras ganancias | C27: 2237091 | D27: -1774124 | E27: <(200%) | F27: 4011215
B28: Resultado financiero* | C28: -60695357 | D28: -51157663 | E28: 0.186 | F28: -9537694
B29: Gasto por impuestos | C29: -24335533 | D29: -25131820 | E29: -0.032 | F29: 796287
B30: Interés minoritario | C30: -45608960 | D30: -48143697 | E30: -0.053 | F30: 2534737
B31: Utilidad neta | C31: 44329454 | D31: 47001310 | E31: -0.057 | F31: -2671856
B35: Detalle de costos (Miles de $) | C35: 4T24 | D35: 4T23 | E35: % Var. | F35: 4T24 / 4T23
B36: a) Materias primas y consumibles | C36: =+#REF! -> #REF! | D36: =+#REF! -> #REF! | E36: =IFERROR((ROUND(+F36/D36,3)),0) -> 0 | F36: =+C36-D36 -> #REF!
B37: b) Beneficios a los empleados | C37: =+#REF! -> #REF! | D37: =+#REF! -> #REF! | E37: =IFERROR((ROUND(+F37/D37,3)),0) -> 0 | F37: =+C37-D37 -> #REF!
B38: c) Otros gastos por naturaleza | C38: =+#REF! -> #REF! | D38: =+#REF! -> #REF! | E38: =IFERROR((ROUND(+F38/D38,3)),0) -> 0 | F38: =+C38-D38 -> #REF!
B39: d) Pérdidas por deterioro de valor* | C39: =+#REF! -> #REF! | D39: =+#REF! -> #REF! | E39: =IFERROR((ROUND(+F39/D39,3)),0) -> 0 | F39: =+C39-D39 -> #REF!
B40: Costos y gastos de operación | C40: =SUM(C36:C39) -> #REF! | D40: =SUM(D36:D39) -> #REF! | E40: =IFERROR((ROUND(+F40/D40,3)),0) -> 0 | F40: =+C40-D40 -> #REF!
B41: e) Depreciación y amortización | C41: =+#REF! -> #REF! | D41: =+#REF! -> #REF! | E41: =IFERROR((ROUND(+F41/D41,3)),0) -> 0 | F41: =+C41-D41 -> #REF!
B42: Total costos | C42: =+C41+C40 -> #REF! | D42: =+D41+D40 -> #REF! | E42: =IFERROR((ROUND(+F42/D42,3)),0) -> 0 | F42: =+C42-D42 -> #REF!

Sheet Results
A1: Resultados | B1: Results
B3: Income Statement (Th CLP) | C3: 45930 | D3: 45565 | E3: % Var. | F3: 2025 / 2024
B4: Ordinary Revenue | C4: 520857684 | D4: 483314321 | E4: 0.078 | F4: 37543363
B5: Operating Costs and Expenses | C5: -268166397 | D5: -249505748 | E5: 0.075 | F5: -18660649
B6: EBITDA | C6: 252691287 | D6: 233808573 | E6: 0.081 | F6: 18882714
B7: Depreciation and Amortization | C7: -64798028 | D7: -60804243 | E7: 0.066 | F7: -3993785
B8: Operating Income | C8: 187893259 | D8: 173004330 | E8: 0.086 | F8: 14888929
B9: Other Gains | C9: -2946528 | D9: 1964974 | E9: -2.5 | F9: -4911502
B10: Pérdidas por deterioro de valor | C10: 0 | D10: 0 | F10: 0
B11: Financial Result* | C11: -65627934 | D11: -60695357 | E11: 0.081 | F11: -4932577
B12: Income Tax Expense | C12: -23609370 | D12: -24335533 | E12: -0.03 | F12: 726163
B13: Minority Interest | C13: -48554491 | D13: -45608960 | E13: 0.065 | F13: -2945531
B14: Net Income | C14: 47154936 | D14: 44329454 | E14: 0.064 | F14: 2825482
B15: [1] Includes financial income, financial costs, foreign exchange differences, and results from inflation-indexed units
A18: Análisis de Ingresos | B18: Revenue Analysis
C20: 45930 | F20: 45565
C21: Sales | D21: Share | F21: Sales | G21: Share
C22: Thousand CLP | F22: Th CLP
B23: Drinking water | C23: 211754049 | D23: 0.407 | F23: 196502255 | G23: 0.407
B24: Wastewater | C24: 237896197 | D24: 0.457 | F24: 217408241 | G24: 0.45
B25: Non-sanitation revenue | C25: 20609869 | D25: 0.039 | F25: 19550385 | G25: 0.04
B26: Other sanitation revenue | C26: 50597569 | D26: 0.097 | F26: 49853440 | G26: 0.103
B27: Total | C27: 520857684 | D27: 1 | F27: 483314321 | G27: 1
C28: 0 | F28: 0
B29: Sales Volume (thousand m3) | C29: Sep.25 | D29: Sep.24 | E29: % Var. | G29: Diferencia
B30: Drinking water | C30: 395214 | D30: 390430 | E30: 0.012 | G30: 4785
B31: Wastewater collection | C31: 377066 | D31: 374766 | E31: 0.006 | G31: 2300
B32: Wastewater treatment and disposal | C32: 324060 | D32: 322868 | E32: 0.004 | G32: 1192
B33: Interconnections* | C33: 92128 | D33: 90384 | E33: 0.019 | G33: 1744
B35: Customers | C35: Sep.25 | D35: Sep.24 | E35: % Var. | G35: Diferencia
B36: Drinking water | C36: 2368669 | D36: 2339334 | E36: 0.013 | G36: 29335
B37: Wastewater Collection | C37: 2323526 | D37: 2294619 | E37: 0.013 | G37: 28907
B39: Non-Sanitation Services
B41: (Thousand CLP) | C41: Sep.25 | D41: Sep.24 | E41: % Var.
B42: EcoRiles S.A. | C42: 18194953 | D42: 16665609 | E42: 0.092
B43: Hidrogistica S.A. | C43: 9097585 | D43: 7767924 | E43: 0.171
B44: Anam S.A. | C44: 4431872 | D44: 2618985 | E44: 0.692
B45: Aguas del Maipo S.A. | C45: 1821904 | D45: 2552799 | E45: -0.286
B46: Non-regulated Non-sanitation Products | C46: 33546314 | D46: 29605317 | E46: 0.133

Sheet Resultados Trim
A1: Resultados
B3: Estado de Resultados (M$) | C3: 4T21 | D3: 4T20 | E3: % Var. | G3: 4T20 - 4T19
B4: Ingresos Ordinarios | C4: 129721186 | D4: 129721186 | E4: =+ROUND(G4/D4,3) -> 0 | G4: =+C4-D4 -> 0
B5: Costos y Gastos de Operación | C5: -77210262 | D5: -77210262 | E5: =+ROUND(G5/D5,3) -> 0 | G5: =+C5-D5 -> 0
B6: EBITDA | C6: =SUM(C4:C5) -> 52510924 | D6: =SUM(D4:D5) -> 52510924 | E6: =+ROUND(G6/D6,3) -> 0 | G6: =+C6-D6 -> 0
B7: Depreciación y Amortización | C7: -17417464 | D7: -17417464 | E7: =+ROUND(G7/D7,3) -> 0 | G7: =+C7-D7 -> 0
B8: Resultado de Explotación | C8: =+C6+C7 -> 35093460 | D8: =+D6+D7 -> 35093460 | E8: =+ROUND(G8/D8,3) -> 0 | G8: =+C8-D8 -> 0
B9: Otras (Pérdidas) Ganancias | C9: -2093189 | D9: -2093189 | E9: =+ROUND(G9/D9,3) -> 0 | G9: =+C9-D9 -> 0
B10: Pérdidas por deterioro de valor | C10: -34520 | D10: -34520 | E10: >200% | G10: =+C10-D10 -> 0
B11: Resultado Financiero* | C11: -14939258 | D11: -14939258 | E11: =+ROUND(G11/D11,3) -> 0 | G11: =+C11-D11 -> 0
B12: Gasto por impuestos | C12: -2523215 | D12: -2523215 | E12: =+ROUND(G12/D12,3) -> 0 | G12: =+C12-D12 -> 0
B13: Operaciones discontinuadas | C13: 7324842 | D13: 7324842 | E13: =+ROUND(G13/D13,3) -> 0 | G13: =+C13-D13 -> 0
B14: Utilidad Neta | C14: 26175218 | D14: 37817198 | E14: =+ROUND(G14/D14,3) -> -0.308 | G14: =+C14-D14 -> -11641980

Sheet Statement of Financial Position
B3: Assets | C3: 45930 | D3: 45657 | E3: % Var.
B4: Current Assets | C4: 356552423 | D4: 289941134 | E4: 0.23
B5: Non-Current Assets | C5: 3067506167 | D5: 3000829665 | E5: 0.022
B6: Total Assets | C6: 3424058590 | D6: 3290770799 | E6: 0.041
B7: Liabilities and Equity
B8: Current Liabilities | C8: 260612961 | D8: 352203023 | E8: -0.26
B9: Non-Current Liabilities | C9: 1555737946 | D9: 1374821712 | E9: 0.132
B10: Total Liabilities | C10: 1816350907 | D10: 1727024735 | E10: 0.052
B12: Equity Attributable to Owners of the Parent Company | C12: 940985293 | D12: 918986373 | E12: 0.024
B13: Non-controlling Interests | C13: 666722390 | D13: 644759691 | E13: 0.034
B14: Total Equity | C14: 1607707683 | D14: 1563746064 | E14: 0.028
B15: Total Liabilities and Equity | C15: 3424058590 | D15: 3290770799 | E15: 0.041

Sheet Financial Debt
B2: Financial Debt Th CLP | C2: Currency | D2: Total | E2: 12 months | F2: 1 to 3 years | G2: 3 to 5 years | H2: more than 5 years
B3: Promissory Notes | C3: CLP | D3: 159377689 | E3: 22289248 | F3: 41990183 | G3: 32260404 | H3: 62837854
B4: Bonds/Derivative | C4: CLP | D4: 1187324383 | E4: 14532382 | F4: 0 | G4: 120364175 | H4: 1052427826
B5: Loans | C5: CLP | D5: 95817095 | E5: 31069309 | F5: 34956000 | G5: 29791786 | H5: 0
B6: Forward | C6: EUR | D6: 0 | E6: 0 | F6: 0 | G6: 0 | H6: 0
B7: Total Other Financial Liabilities | D7: 1442519167 | E7: 63019644 | F7: 78338742 | G7: 180151975 | H7: 1108327646
B8: Lease Liabilities | C8: CLP | D8: 6551838 | E8: 2721478 | F8: 3495227 | G8: 110181 | H8: 224952
B9: Total lease liabilities | D9: 6551838 | E9: 2721478 | F9: 3495227 | G9: 110181 | H9: 224952
B10: Totals | D10: 1449071005 | E10: 65741122 | F10: 81833969 | G10: 180262156 | H10: 1108552598
B13: Composition by instrument | F13: Composition by rates
B14: Bonds/Derivative | C14: 0.819 | D14: 1187324383 | F14: Fixxed | G14: 1.917 | H14: 2777871038
B15: Bonds | C15: 0.066 | D15: 95817095 | F15: Variable | G15: 0.021 | H15: 30871333
B16: Loans | C16: 0 | D16: 0 | G16: 1.938 | H16: 2808742371
B17: Total lease liabilities | C17: 0.005 | D17: 6551838
C18: 0.89

Sheet Cash Flow
B3: Statements of Cash Flows (Th CLP) | C3: 45930 | D3: 45565 | E3: % Var.
B4: Operating Activities | C4: 266775803 | D4: 226518222 | E4: 0.178
B5: Investing Activities | C5: -128857881 | D5: -136725925 | E5: -0.058
B6: Financing Activities | C6: -52689528 | D6: -124090233 | E6: -0.575
B7: Net Cash Flow for the Period | C7: 85228394 | D7: -34297936 | E7: -3.485
B8: Ending Cash Balance | C8: 195219269 | D8: 76497474 | E8: 1.552
C9: 0

Sheet Indicators
D3: Sep-24 | E3: Dec-24
B4: Liquidity
B5: Current Liquidity | C5: times | D5: 1.37 | E5: 0.82
B6: Quick Ratio | C6: times | D6: 0.75 | E6: 0.31
B7: Debt Level
B8: Total Debt Level | C8: times | D8: 1.13 | E8: 1.1
B9: Current Debt | C9: times | D9: 0.1435 | E9: 0.2039
B10: Non-Current Debt | C10: times | D10: 0.8565 | E10: 0.7961
B11: Annualized Financial Expenses Coverage | C11: times | D11: 4.03 | E11: 4.18
B12: Profit
B13: Return on equity attributable to owners of the parent company, annualized | C13: % | D13: 7.67 | E13: 7.41
B14: Annualized Profit on assets | C14: % | D14: 2.07 | E14: 2.02
B15: Annualized Earnings per share | C15: CLP | D15: 63.37 | E15: 60.54
B16: Dividend Yield (*) | C16: % | D16: 4.58 | E16: 5.71
